 Dungeon Crawl Stone Soup version 0.31.0-12-g77e489cdc1 (webtiles) character file.

Game seed: 3897122813398070474

105 Gadfly the Caller (level 4, -4/33 HPs)
             Began as a Merfolk Summoner on Feb 23, 2024.
             Slain by a phantom (7 damage)
             ... on level 4 of the Dungeon.
             The game lasted 00:04:46 (3325 turns).

Gadfly the Caller (Merfolk Summoner)                Turns: 3325, Time: 00:04:46

Health: -4/33      AC:  3    Str:  8    XL:     4   Next: 83%
Magic:  7/7        EV: 13    Int: 16    God:
Gold:   200        SH:  0    Dex: 14    Spells: 2/8 levels left

rFire   . . .        c - +0 whip
rCold   . . .        (no shield)
rNeg    . . .        a - +0 robe
rPois   .            (no helmet)
rElec   .            d - +0 cloak
rCorr   .            (no gloves)
SInv    .            (no boots)
Will    .....        (no amulet)
Stlth   ++           (no ring)
HPRegen 0.25/turn    (no ring)
MPRegen 0.10/turn

%: no passive effects
@: no status effects
A: (nimble swimmer 2), mertail
a: no special abilities


You were on level 4 of the Dungeon.
You visited 1 branch of the dungeon, and saw 4 of its levels.

You collected 200 gold pieces.

Inventory:

Hand Weapons
 c - a +0 whip (weapon)
Armour
 a - a +0 robe (worn)
 d - a +0 cloak (worn)
Jewellery
 h - a ring of ice
Wands
 e - a wand of roots (9)
Potions
 b - 2 potions of magic
 g - a potion of lignification
 j - 2 potions of haste
 k - 3 potions of might


   Skills:
 + Level 1.8 Fighting
 + Level 3.6 Dodging
 - Level 2.1 Stealth
 * Level 2.5 Spellcasting
 + Level 4.3 Summonings
 + Level 1.3 Ice Magic
 + Level 1.4 Evocations


You had 2 spell levels left.
You knew the following spells:

 Your Spells              Type           Power      Damage    Failure   Level
a - Summon Small Mammal   Summ           64%        N/A       3%          1
b - Call Imp              Summ           32%        N/A       4%          2
c - Call Canine Familiar  Summ           16%        N/A       10%         3

Your spell library contained the following spells:

 Spells                   Type           Power      Damage    Failure   Level
 Mercury Vapours          Alch/Air       4%         N/A       30%         2
 Mephitic Cloud           Conj/Alch/Air  2%         N/A       52%         3
 Summon Blazeheart Golem  Fire/Summ      9%         N/A       63%         4
 Summon Lightning Spire   Summ/Air       9%         N/A       63%         4
 Freezing Cloud           Conj/Ice/Air   1%         6-21      99%         5


Dungeon Overview and Level Annotations

Branches:
Dungeon (4/15)
 Temple: D:4-7

Altars:
Ashenzari
Ru


Innate Abilities, Weirdness & Mutations

((You are very nimble when in or above water. (Stealth+, EV+, Speed+++)))
Your lower body shifts to a powerful aquatic tail in water.


Message History

The phantom barely misses your cerulean imp.
You barely miss the phantom.
The phantom is severely damaged.
Your cerulean imp completely misses the phantom.
The phantom hits you but does no damage.
You hit the phantom.
The phantom is severely damaged.
Your cerulean imp hits the phantom but does no damage.
The phantom hits you.
The phantom blinks!
You blink.
You are too injured to fight recklessly!
You are too injured to fight recklessly!
You are too injured to fight recklessly!
Unknown command.
You are too injured to fight recklessly!
You are too injured to fight recklessly!
You are too injured to fight recklessly!
You are too injured to fight recklessly!
Unknown command.
You closely miss the phantom.
The phantom is severely damaged.
The phantom barely misses you.
Your cerulean imp hits the phantom from afar with a -3 spear.
You hit the phantom.
The phantom is almost destroyed.
The phantom hits you.
The phantom blinks!
You blink.
Your cerulean imp closely misses the phantom.
The phantom hits you.
* * * LOW HITPOINT WARNING * * *
The phantom blinks!
You blink.
You hit the phantom.
The phantom is almost destroyed.
Your cerulean imp closely misses the phantom.
The phantom hits you.
* * * LOW HITPOINT WARNING * * *
The phantom blinks!
You blink.
You closely miss the phantom.
The phantom is almost destroyed.
Your cerulean imp barely misses the phantom.
The phantom hits you!
You die...

#+########
#@...§§..#
#.W...§..#
+...5....# .
#..###..## #.
######..###..#
.##...#........#
.....+........#
#..###'#####.#
#..##...####.#


You could see a phantom (ally target) and a friendly cerulean imp (summoned).

Vanquished Creatures
  An adder (D:2)
  A dart slug (D:2)
  An orc (D:2)
  5 bats
  4 endoplasms
  2 giant cockroaches
  7 goblins
  5 hobgoblins
  A ball python (D:3)
  5 frilled lizards
  4 kobolds
  4 rats
40 creatures vanquished.

Vanquished Creatures (collateral kills)
  2 adders (D:2)
  2 ribbon worms (D:2)
  A ball python (D:1)
  3 bats (D:1)
  2 endoplasms (D:1)
  4 goblins
  A hobgoblin (D:1)
  A kobold (D:1)
  4 quokkas
  A frilled lizard (D:3)
  3 rats
24 creatures vanquished.

Grand Total: 64 creatures vanquished

Notes
Turn   | Place    | Note
-------+----------+-------------------------------------------
     0 | D:1      | Gadfly the Merfolk Summoner began the quest for the Orb.
     0 | D:1      | Reached XP level 1. HP: 13/13 MP: 3/3
    31 | D:1      | Reached XP level 2. HP: 2/20 MP: 3/5
   489 | D:1      | Reached skill level 1 in Fighting
   494 | D:1      | Learned a level 2 spell: Call Imp
   707 | D:1      | Reached XP level 3. HP: 21/26 MP: 3/6
   711 | D:1      | Learned a level 3 spell: Call Canine Familiar
  1204 | D:1      | Reached skill level 1 in Evocations
  1720 | D:2      | Reached skill level 1 in Ice Magic
  1720 | D:2      | Reached XP level 4. HP: 28/32 MP: 4/7
  2866 | D:3      | Found a sacrificial altar of Ru.
  3080 | D:3      | Found a broken altar of Ashenzari.
  3299 | D:4      | Noticed a phantom
  3325 | D:4      | Slain by a phantom

Illustrated notes

Levels and vault maps discovered:
D:1:      dpeg_arrival_central, layout_basic, chequers_serial_rivers_micro_d,
          minmay_tetromino_o4
D:2:      layout_loops_ring, minmay_goblin_outpost
D:3:      layout_basic, mainiacjoe_overflow_six_doors_small,
          mainiacjoe_overflow_surrounded_room, minmay_misc_feat_alley
D:4:      layout_gridville, tgw_kikubaaqudgha, uniq_menkaure

Skill      XL: |  1  2  3 |
---------------+----------+-----
Dodging        | 3 |  3.6
Fighting       | 1 |  1.8
Evocations     | 1 |  1.4
Ice Magic      | 1 |  1.3
Stealth        | |  2.1
Spellcasting   | |  2.5
Summonings     | |  4.3

Action                     |  1- 3 |  4- 6 || total
---------------------------+-------+-------++-------
  Melee: Unarmed           |    84 |       ||    84
         Whip              |   104 |   110 ||   214
         Punch             |     3 |       ||     3
   Cast: Summon Small Mamm |    10 |       ||    10
         Call Imp          |    11 |    11 ||    22
    Use: Scroll            |     1 |     7 ||     8
         Potion            |       |     1 ||     1
   Stab: Sleeping          |     7 |     1 ||     8
         Distracted        |     2 |     1 ||     3
 Armour: Robe              |    81 |    65 ||   146
  Dodge: Dodged            |   156 |    89 ||   245
